 Dungeon Crawl Stone Soup version 0.22.1-1-ga44c0e5 (webtiles) character file.

234044 Anon1729 the Unseen (level 18, 0/92 HPs)
             Began as a Spriggan Artificer on Oct 7, 2018.
             Was the Champion of Nemelex Xobeh.
             Slain by a sixfirhy (10 damage)
             ... in a wizard's laboratory.
             The game lasted 03:32:42 (66056 turns).

Anon1729 the Unseen (Spriggan Artificer)           Turns: 66056, Time: 03:32:43

Health: 0/92       AC:  7    Str: 17      XL:     18   Next: 87%
Magic:  0/32       EV: 43    Int: 15      God:    Nemelex Xobeh [******]
Gold:   1259       SH:  0    Dex: 26 (27) Spells: 17/30 levels left

rFire    + . .     SeeInvis +   Y - +7 captain's cutlass {speed, disarm}
rCold    + + .     Gourm    .   (shield restricted)
rNeg     . . .     Faith    .   i - +2 robe {rC+}
rPois    +         Spirit   +   (helmet restricted)
rElec    .         Reflect  .   L - +2 cloak of Fortification {rC+}
rCorr    .         Harm     .   (gloves unavailable)
MR       +++..                  (boots unavailable)
Stlth    +++++++++.             D - amulet of guardian spirit
HPRegen  0.25/turn              E - ring "Yseah" {rF+ Str+4 Stlth+}
MPRegen  0.23/turn              U - ring of poison resistance

@: mighty, agile, studying Transmutations, very quick
A: very small, unfitting armour, see invisible, deterioration 1, herbivore,
speed 3, slow metabolism 2
}: 1/15 runes: serpentine
a: Triple Draw, Deal Four, Stack Five, Renounce Religion


You were in a wizard's laboratory.
You worshipped Nemelex Xobeh.
Nemelex Xobeh was exalted by your worship.
You were hungry.

You visited 7 branches of the dungeon, and saw 34 of its levels.
You also visited: Wizlab.

You collected 3723 gold pieces.
You spent 2464 gold pieces at shops.

Inventory:

Hand Weapons
 d - a +7 dagger of venom
 X - a +2 shortbow of freezing
 Y - the +7 captain's cutlass (weapon) {speed, disarm}
   (You bought it in a shop on level 2 of the Orcish Mines)

   Attacks with this weapon are significantly faster.
Missiles
 A - 1130 arrows
Armour
 i - a +2 robe of cold resistance (worn)
 G - the +3 hat of Pondering {ponderous, MR+ MP+10 Int+5}
   (You bought it in a shop on level 9 of the Dungeon)

   It affects your intelligence (+5).
   It affects your resistance to hostile enchantments.
   It affects your magic capacity (+10).
 L - the +2 cloak of Fortification (worn) {rC+}
   (You found it on level 8 of the Dungeon)

   It protects you from cold.
Jewellery
 o - an uncursed amulet of faith
 v - a +5 ring of dexterity
 D - an amulet of guardian spirit (around neck)
 E - the ring "Yseah" (left hand) {rF+ Str+4 Stlth+}
   (You found it on level 6 of the Dungeon)

   [ring of protection from fire]

   It affects your strength (+4).
   It protects you from fire.
   It makes you more stealthy.
 Q - a +4 ring of evasion
 U - a ring of poison resistance (right hand)
Wands
 c - a wand of enslavement (7)
 I - a wand of random effects (74)
 J - a wand of digging (9)
 M - a wand of acid (13)
 N - a wand of flame (54)
 P - a wand of polymorph (13)
Scrolls
 e - 6 scrolls of magic mapping
 j - a scroll of holy word {unknown}
 k - 15 scrolls of enchant armour
 m - 7 scrolls of amnesia
 p - 15 scrolls of teleportation
 s - 15 scrolls of remove curse
 z - 4 scrolls of immolation
 H - 4 scrolls of fog
 K - 2 scrolls of fear
 R - a scroll of vulnerability {unknown}
 S - 2 scrolls of torment {unknown}
 V - 2 scrolls of enchant weapon
Potions
 a - 2 potions of haste
 g - 3 potions of flight
 l - 3 potions of cancellation {unknown}
 n - 3 potions of ambrosia
 q - 8 potions of curing
 r - 3 potions of lignification {unknown}
 t - 4 potions of might
 u - 3 potions of mutation {unknown}
 B - 3 potions of agility
 C - 3 potions of berserk rage
 O - a potion of invisibility {unknown}
 T - a potion of resistance {unknown}
 W - 3 potions of brilliance
Books
 h - a manual of Transmutations
Miscellaneous
 b - a legendary deck of escape {drawn: 11}
 w - a crystal ball of energy
 F - a plain deck of destruction {drawn: 2}
 Z - 2 boxes of beasts
Comestibles
 f - 17 rations


   Skills:
 + Level 9.1 Fighting
 * Level 15.7 Short Blades
 * Level 19.7 Dodging
 * Level 20.9 Stealth
 + Level 6.9 Spellcasting
 + Level 10.7 Transmutations
 + Level 0.0 Earth Magic
 * Level 13.7 Invocations
 * Level 18.5 Evocations


You had 17 spell levels left.
You knew the following spells:

 Your Spells              Type           Power        Failure   Level  Hunger
a - Apportation           Tloc           #.....       14%         1    None
b - Irradiate             Conj/Tmut      ###.......   38%         5    #####..
c - Statue Form           Tmut/Erth      ###......    92%         6    #######
d - Summon Butterflies    Summ           #.......     14%         1    None

Your spell library contained the following spells:

 Spells                   Type           Power        Failure   Level  Hunger
 Passwall                 Tmut/Erth      ###.....     2%          2    None
 Sandblast                Erth           #.....       13%         1    None
 Animate Skeleton         Necr           N/A          14%         1    None
 Confusing Touch          Hex            #.....       14%         1    None
 Corona                   Hex            #......      14%         1    None
 Summon Small Mammal      Summ           #...         14%         1    None
 Petrify                  Tmut/Erth      ###.....     14%         4    ####...
 Call Imp                 Summ           #.......     21%         2    None
 Slow                     Hex            #.......     21%         2    None
 Hydra Form               Tmut           #####.....   26%         6    #######
 Stone Arrow              Conj/Erth      #.....       36%         3    ##.....
 Call Canine Familiar     Summ           #.......     38%         3    ##.....
 Inner Flame              Hex/Fire       #.......     38%         3    ##.....
 Lesser Beckoning         Tloc           #.........   38%         3    ##.....
 Portal Projectile        Hex/Tloc       #.....       38%         3    ##.....
 Summon Guardian Golem    Hex/Summ       #.......     38%         3    ##.....
 Tukima's Dance           Hex            #.......     38%         3    ##.....
 Alistair's Intoxication  Tmut/Pois      ###.....     38%         5    #####..
 Yara's Violent Unravell  Hex/Tmut       ###.......   38%         5    #####..
 Leda's Liquefaction      Hex/Erth       #.........   78%         4    ####...
 Cause Fear               Hex            #.........   80%         4    ####...
 Summon Ice Beast         Ice/Summ       #.......     80%         4    ####...
 Summon Lightning Spire   Summ/Air       #.......     80%         4    ####...
 Dragon Form              Tmut           #####.....   80%         7    #######
 Lee's Rapid Deconstruct  Erth           #.........   98%         5    #####..
 Silence                  Hex/Air        #.........   98%         5    #####..
 Deflect Missiles         Chrm/Air       #.........   100%        6    #######
 Invisibility             Hex            #.......     100%        6    #######
 Discord                  Hex            #.........   100%        8    #######


Dungeon Overview and Level Annotations

Branches:
Dungeon (15/15)            Temple (1/1) D:7            Lair (6/6) D:10
 Shoals (3/4) Lair:4        Snake (4/4) Lair:2        Slime (0/5) Lair:6
    Orc (2/2) D:11            Elf (3/3) Orc:2        Vaults (0/5) D:14
 Depths (0/5) D:15

Altars:
Ashenzari
Cheibriados
Dithmenos
Elyvilon
Fedhas
Gozag
Hepliaklqana
Kikubaaqudgha
Makhleb
Nemelex Xobeh
Okawaru
Qazlal
Ru
Sif Muna
Trog
Uskayaw
Vehumet
Wu Jian
Xom
Yredelemnul
Zin
The Shining One
Beogh

Shops:
D:5 !   D:7 [   D:9 [   D:12 ?   Orc:2 *:[(   Snake:1 *

Portals:
Trove: D:15 (give +3 ice dragon scales)

Annotations:
D:6 3 runed doors, bmj180's ghost, novice GrEE
Shoals:1 3 runed doors, brandon's ghost, adept MiBe
Elf:2 3 runed doors


Innate Abilities, Weirdness & Mutations

You are very small and have problems with some larger weapons.
You are too small for most types of armour.
You have supernaturally acute eyesight. (SInv)
You are a herbivore.
You cover ground extremely quickly.
You need to consume almost no food.
Your body sometimes deteriorates upon taking damage.


Message History

The living lightning hits the sixfirhy.
The sixfirhy completely resists.
The living lightning hits the orange demon.
Your raiju blinks!
Unknown command.
Unknown command.
Unknown command.
You feel better.
The walls disappear prematurely!
The sixfirhy closely misses you. The sixfirhy completely misses you.
Evoke which item? (* to show all) (? for menu, Esc to quit)
You draw a card...
It is the Pentagram.
The deck of cards glows slightly and disappears.
The sixfirhy completely misses you. x2; The sixfirhy hits you!
* * * LOW HITPOINT WARNING * * *
The sixfirhy shocks you!
* * * LOW HITPOINT WARNING * * *
The sixfirhy hits you!
* * * LOW HITPOINT WARNING * * *
The sixfirhy shocks you!
You die...
Your body glows with a rainbow of weird colours and disappears.

## ########### ### ##.##
#8...∩..38# ###.### .....#
#.......@R# ##.....## ......#
#..##v##3.###.......## .......
#.##...##2##.........#
4......##....#...4##.........##
...........#...#...§..........#
.............∩...............)#
..3....##..#...#..##....2....##
....... #....#....##.........#
......# #.##...##.###...c§..##


You could see a cacodemon, an orange demon, a sixfirhy, a friendly rakshasa, a
friendly smoke demon and a friendly fire vortex.

Vanquished Creatures
  Nikola (Shoals:2)
  Rupert (Lair:4)
  Agnes (Elf:2)
  Roxanne (D:15)
  8 nagarajas
  A fire giant (D:15)
  A blood saint (WizLab)
  A deep elf annihilator (Elf:2)
  A merfolk impaler (Shoals:2)
  A merfolk javelineer (Shoals:1)
  2 deep elf high priests (Elf:1)
  3 vault guards (D:14)
  Erolcha (D:12)
  2 hydras
  19 naga warriors
  Fannar (D:11)
  A centaur warrior (D:11)
  2 catoblepae
  7 anacondas
  22 dancing weapons
  3 two-headed ogres
  6 death yaks
  A tengu warrior (D:15)
  3 orc high priests
  4 shock serpents
  Urug (D:11)
  13 naga sharpshooters
  9 deep elf knights
  Sonja (Orc:1)
  3 salamander mystics
  4 unseen horrors
  5 sea snakes
  11 deep elf archers
  A lindwurm (Lair:6)
  A death drake (Snake:3)
  10 naga ritualists
  2 orc knights (Orc:2)
  13 harpies
  40 deep elf magi
  4 orc sorcerers
  12 mana vipers
  5 manticores
  7 fauns
  3 elephants
  An oklob plant (Lair:5)
  4 cyclopes
  8 salamanders
  7 guardian serpents
  14 ugly things
  38 black mambas
  A moth of wrath (Shoals:2)
  6 merfolk sirens
  A rust devil (WizLab)
  A water nymph (Shoals:2)
  2 molten gargoyles (Lair:6)
  4 centaur skeletons
  11 naga magi
  A smoke demon (WizLab)
  15 spiny frogs
  A freezing wraith (D:14)
  A hellion (WizLab)
  7 komodo dragons
  2 hellwings (WizLab)
  2 ice devils (WizLab)
  A small abomination (Elf:1)
  2 wind drakes (Shoals:1)
  7 merfolk
  2 hornets
  A meliai (D:13)
  8 polar bears
  9 slime creatures
  Grinder (D:3)
  A harpy skeleton (D:15)
  9 trolls
  6 snapping turtles
  5 dream sheep
  24 blink frogs
  6 hippogriffs
  3 air elementals
  3 shadows
  3 wraiths
  20 orc warriors
  A vampire (D:13)
  4 wyverns
  A human (Snake:4)
  7 fire elementals
  3 water elementals
  33 yaks
  4 basilisks
  2 hungry ghosts
  A golden eye (shapeshifter) (Elf:2)
  4 steam dragons
  4 vampire mosquitoes
  43 nagas
  2 wargs
  2 insubstantial wisps (D:11)
  9 porcupines
  2 acid dragons
  16 water moccasins
  6 hell hounds
  4 ice beasts
  2 eyes of draining
  4 phantoms
  6 sky beasts
  4 black bears
  A swamp drake (D:10)
  A necrophage (D:10)
  7 ogres
  21 centaurs
  A boggart (D:10)
  20 wolves
  16 crocodiles
  2 big kobolds
  A wyvern zombie (D:14)
  16 bullfrogs
  2 earth elementals (Elf:2)
  4 scorpions
  2 killer bees (D:8)
  3 electric eels
  4 howler monkeys
  7 crimson imps
  5 lava snakes (Lair:6)
  A quasit (D:11)
  5 centaur zombies
  10 hounds
  8 jellies
  A bullfrog skeleton (D:5)
  15 orc priests
  A gnoll shaman (D:7)
  7 iguanas
  Natasha (twice) (D:2)
  33 orc wizards
  5 worker ants
  A hound skeleton (D:11)
  A howler monkey zombie (D:10)
  3 gnolls (D:7)
  8 adders
  2 shadow imps
  An ooze (D:3)
  An adder skeleton (D:6)
  3 worms
  2 dart slugs (D:2)
  8 leopard geckos
  77 orcs
  5 giant cockroaches
  7 goblins
  12 hobgoblins
  7 jackals
  22 kobolds
  8 quokkas
  2 ball pythons
  3 bats
  9 frilled lizards
  2 quokka skeletons (D:8)
  4 rats
  A bush (D:15)
  2 fungi
  A withered plant (D:14)
1034 creatures vanquished.

Vanquished Creatures (collateral kills)
  Polyphemus (Shoals:2)
  A deep elf blademaster (Elf:2)
  A frost giant (Snake:3)
  An orc warlord (Orc:2)
  A minotaur (Lair:3)
  The ghost of strongu the Quickloader, a journeyman KoHu of Gozag (Lair:3)
  A fire dragon (Lair:6)
  5 vault guards (D:14)
  A catoblepas (D:14)
  2 anacondas
  A centaur warrior (D:14)
  A two-headed ogre (Orc:2)
  A hell hog (Snake:3)
  4 dancing weapons
  An orc high priest (Orc:2)
  2 naga sharpshooters
  A shock serpent (Snake:1)
  Nergalle (Orc:1)
  2 orc knights
  2 deep elf archers (Elf:1)
  8 ugly things (D:14)
  A harpy (D:14)
  An orc sorcerer (Orc:2)
  A mana viper (Snake:3)
  3 oklob plants (Lair:5)
  A deep elf mage (Elf:1)
  A cyclops (Shoals:2)
  An elephant (Lair:5)
  A manticore (Shoals:2)
  A salamander (Snake:4)
  2 black mambas
  A water nymph (Shoals:2)
  A torpor snail (Lair:3)
  A guardian serpent (Snake:3)
  2 spiny frogs (Lair:1)
  An efreet (D:14)
  3 komodo dragons
  3 meliai
  2 blink frogs (Lair:1)
  A snapping turtle (Shoals:3)
  6 yaks
  3 basilisks (D:14)
  5 nagas
  A water moccasin (Lair:3)
  2 hell hounds
  2 porcupines
  12 orc warriors
  A sky beast (D:9)
  3 ogres
  A centaur (D:14)
  A crocodile (Lair:3)
  A killer bee (D:8)
  A crimson imp (D:5)
  A jelly (D:8)
  6 orc priests
  8 orc wizards
  An adder (D:5)
  A shadow imp (D:8)
  5 oozes (D:8)
  A worm (D:3)
  10 orcs
  A quokka (D:9)
  A crawling corpse (Elf:1)
141 creatures vanquished.

Vanquished Creatures (others)
  An orc warlord (Orc:1)
  A deep elf high priest (Elf:1)
  A naga warrior (Snake:2)
  A salamander mystic (Snake:3)
  A mana viper (Snake:4)
  A deep elf mage (Elf:1)
  A cyclops (Shoals:3)
  A faun (Shoals:3)
  3 salamanders (Snake:3)
  A molten gargoyle (Lair:6)
  A black mamba (Lair:6)
  2 snapping turtles
  5 dream sheep
  An orc warrior (D:3)
  A basilisk (Lair:6)
  A naga (Snake:3)
  3 killer bees (D:8)
  A worker ant (D:5)
  2 orc wizards
  Natasha (D:2)
  4 ball lightnings
  4 orcs
  A quokka (D:9)
  A bush (D:15)
  27 fungi
  13 plants
80 creatures vanquished.

Grand Total: 1255 creatures vanquished

Notes
Turn   | Place    | Note
-------+----------+-------------------------------------------
     0 | D:1      | Anon1729 the Spriggan Artificer began the quest for the
                  | Orb.
     0 | D:1      | Reached XP level 1. HP: 9/9 MP: 4/4
   131 | D:1      | Reached skill level 2 in Stealth
   131 | D:1      | Reached XP level 2. HP: 9/14 MP: 6/6
   209 | D:1      | Reached skill level 1 in Fighting
   691 | D:1      | Reached XP level 3. HP: 13/18 MP: 7/7
  1801 | D:2      | Noticed Natasha
  1804 | D:2      | Reached skill level 3 in Stealth
  1817 | D:2      | Your ally died
  1931 | D:2      | Reached XP level 4. HP: 16/22 MP: 8/8
  2311 | D:2      | Noticed Natasha
  2314 | D:2      | Killed Natasha
  2314 | D:2      | Reached skill level 5 in Evocations
  2695 | D:2      | Noticed Natasha
  2700 | D:2      | Killed Natasha
  2700 | D:2      | Reached XP level 5. HP: 25/25 MP: 9/9
  2943 | D:3      | Noticed Grinder
  2982 | D:3      | Noticed an ogre
  2996 | D:3      | Killed an ogre
  2996 | D:3      | Reached skill level 4 in Stealth
  3595 | D:3      | Found a faded altar of an unknown god.
  3691 | D:3      | Noticed an orc warrior
  3698 | D:3      | Reached XP level 6. HP: 30/30 MP: 11/11
  3778 | D:3      | Killed Grinder
  3778 | D:3      | Reached skill level 5 in Dodging
  3778 | D:3      | Reached skill level 5 in Stealth
  5005 | D:4      | Found a hazy altar of Hepliaklqana.
  5007 | D:4      | Found a blossoming altar of Fedhas.
  5288 | D:4      | Reached XP level 7. HP: 32/35 MP: 12/12
  5883 | D:5      | Entered Level 5 of the Dungeon
  5893 | D:5      | Found Burch's Distillery.
  5906 | D:5      | Bought a potion of curing for 42 gold pieces
  5906 | D:5      | Bought a potion of agility for 56 gold pieces
  5906 | D:5      | Bought a potion of berserk rage for 70 gold pieces
  6181 | D:5      | Found a shimmering altar of Xom.
  6292 | D:5      | Reached skill level 6 in Stealth
  7632 | D:5      | Found a burning altar of Makhleb.
  7908 | D:6      | Found a runed gate.
  7908 | D:6      | Found a runed gate.
  7909 | D:6      | Found a runed gate.
  7922 | D:6      | Noticed bmj180's ghost (novice GrEE)
  7935 | D:6      | Reached skill level 7 in Stealth
  7935 | D:6      | Reached XP level 8. HP: 39/39 MP: 14/14
  8012 | D:6      | Got a flickering tin ring
  8013 | D:6      | Identified the ring "Yseah" {rF+ Str+4 Stlth+} (You found
                  | it on level 6 of the Dungeon)
  8161 | D:6      | Found a blossoming altar of Fedhas.
  8167 | D:6      | Reached skill level 5 in Short Blades
  8759 | D:6      | Reached skill level 8 in Stealth
  9460 | D:7      | Found a staircase to the Ecumenical Temple.
  9503 | Temple   | Entered the Ecumenical Temple
  9519 | Temple   | Became a worshipper of Nemelex Xobeh the Trickster
  9708 | D:7      | Reached XP level 9. HP: 41/44 MP: 14/16
  9783 | D:7      | Received a gift from Nemelex Xobeh
 10124 | D:7      | Found Zolodaoj's Armour Shoppe.
 10198 | D:8      | Got a bloodstained cloak
 10211 | D:7      | Identified the +2 cloak of Fortification {rC+} (You found
                  | it on level 8 of the Dungeon)
 10371 | D:8      | Got a scorched arbalest
 10392 | D:8      | Found a deep blue altar of Sif Muna.
 10410 | D:8      | Reached skill level 1 in Invocations
 10567 | D:7      | Reached skill level 9 in Stealth
 11030 | D:8      | Found an ornate altar of the Wu Jian Council.
 12151 | D:8      | Found a white marble altar of Elyvilon.
 12170 | D:8      | Reached skill level 10 in Stealth
 12400 | D:9      | Reached XP level 10. HP: 45/49 MP: 13/18
 12545 | D:9      | Reached * piety under Nemelex Xobeh
 12930 | D:9      | Identified the +7 arbalest of Truncation {speed, rPois rC+}
                  | (You found it on level 8 of the Dungeon)
 13024 | D:9      | Found Humnis's Armour Shop.
 13265 | D:10     | Entered Level 10 of the Dungeon
 13335 | D:10     | Noticed a two-headed ogre
 13339 | D:10     | Killed a two-headed ogre
 13339 | D:10     | Reached skill level 10 in Dodging
 13344 | D:10     | Reached skill level 10 in Evocations
 13402 | D:10     | Reached skill level 11 in Stealth
 13718 | D:10     | Reached skill level 5 in Invocations
 13892 | D:10     | Reached XP level 11. HP: 51/54 MP: 17/19
 14420 | D:10     | Found a staircase to the Lair.
 14616 | D:11     | Found a staircase to the Orcish Mines.
 14617 | D:11     | Reached ** piety under Nemelex Xobeh
 14689 | D:11     | Noticed Fannar
 14776 | D:11     | Reached skill level 12 in Stealth
 14826 | D:11     | Noticed a six-headed hydra
 14975 | D:11     | Received a gift from Nemelex Xobeh
 15737 | D:11     | Noticed a centaur warrior
 15822 | D:11     | Killed a centaur warrior
 16167 | D:11     | Reached skill level 5 in Fighting
 16320 | D:11     | Noticed Urug
 16823 | Lair:1   | Entered Level 1 of the Lair of Beasts
 16823 | Lair:1   | Received a gift from Nemelex Xobeh
 16825 | Lair:1   | Reached skill level 13 in Stealth
 17021 | Lair:1   | Reached *** piety under Nemelex Xobeh
 17135 | Lair:1   | Reached XP level 12. HP: 50/60 MP: 19/21
 17380 | Lair:1   | Received a gift from Nemelex Xobeh
 17753 | Lair:2   | Found a staircase to the Snake Pit.
 18205 | Lair:2   | Noticed a four-headed hydra
 18670 | Lair:2   | Reached skill level 10 in Short Blades
 19417 | Lair:2   | Received a gift from Nemelex Xobeh
 19638 | Lair:2   | Found a shimmering altar of Xom.
 20404 | Lair:3   | Reached **** piety under Nemelex Xobeh
 20425 | Lair:3   | Found a runed gate.
 20425 | Lair:3   | Found a runed gate.
 20425 | Lair:3   | Found a runed gate.
 20544 | Lair:3   | Noticed strongu's ghost (journeyman KoHu)
 20706 | Lair:3   | Received a gift from Nemelex Xobeh
 20741 | Lair:3   | Noticed a minotaur
 20948 | Lair:3   | Reached skill level 14 in Stealth
 21282 | Lair:3   | Received a gift from Nemelex Xobeh
 21379 | Lair:3   | Reached ***** piety under Nemelex Xobeh
 21656 | Lair:3   | Killed strongu's ghost
 21658 | Lair:3   | Killed a minotaur
 22885 | Lair:4   | Reached XP level 13. HP: 50/65 MP: 20/23
 22950 | Lair:4   | Received a gift from Nemelex Xobeh
 23641 | Lair:4   | Found a staircase to the Shoals.
 23947 | Lair:4   | Noticed Rupert
 23950 | Lair:4   | Killed Rupert
 23950 | Lair:4   | Reached skill level 15 in Stealth
 24835 | Lair:5   | Received a gift from Nemelex Xobeh
 26441 | Lair:6   | Entered Level 6 of the Lair of Beasts
 26441 | Lair:6   | Found a staircase to the Slime Pits.
 26875 | Lair:6   | Received a gift from Nemelex Xobeh
 27287 | Lair:6   | Reached XP level 14. HP: 54/70 MP: 25/25
 27493 | Lair:6   | Reached skill level 16 in Stealth
 27553 | Lair:6   | Received a gift from Nemelex Xobeh
 27798 | Lair:6   | Found a large runed door.
 27798 | Lair:6   | Found a large runed door.
 27835 | Lair:6   | Reached skill level 15 in Dodging
 28673 | D:11     | Killed Urug
 28961 | D:11     | Killed Fannar
 29301 | D:12     | Found Geilot's Magic Scroll Shoppe.
 29304 | D:12     | Bought a scroll of fog for 26 gold pieces
 29304 | D:12     | Bought a scroll of teleportation for 39 gold pieces
 29498 | D:12     | Noticed Erolcha
 29501 | D:12     | Killed Erolcha
 29524 | D:12     | Reached skill level 10 in Invocations
 29531 | D:12     | Received a gift from Nemelex Xobeh
 29985 | D:9      | Bought the +3 hat of Pondering {ponderous, MR+ MP+10 Int+5}
                  | for 533 gold pieces
 29985 | D:9      | Found the +3 hat of Pondering {ponderous, MR+ MP+10 Int+5}
 30634 | D:13     | Received a gift from Nemelex Xobeh
 31260 | D:14     | Found a gate to the Vaults.
 31384 | D:14     | Reached skill level 15 in Evocations
 31391 | D:14     | Reached skill level 17 in Stealth
 31733 | D:14     | Found a shadowy altar of Dithmenos.
 31814 | D:14     | Reached ****** piety under Nemelex Xobeh
 32104 | D:14     | Received a gift from Nemelex Xobeh
 32286 | D:14     | Reached XP level 15. HP: 63/75 MP: 23/27
 32734 | D:15     | Entered Level 15 of the Dungeon
 32845 | D:15     | Noticed Roxanne
 33426 | Orc:1    | Entered Level 1 of the Orcish Mines
 33747 | Orc:1    | Noticed Sonja
 33755 | Orc:1    | Killed Sonja
 34141 | Orc:2    | Entered Level 2 of the Orcish Mines
 34141 | Orc:2    | Received a gift from Nemelex Xobeh
 34259 | Orc:2    | Noticed an orc warlord
 34642 | Orc:1    | Killed an orc warlord
 35187 | Orc:2    | Noticed an orc warlord
 35209 | Orc:2    | Killed an orc warlord
 35427 | Orc:1    | Noticed Nergalle
 35474 | Orc:1    | Killed Nergalle
 35650 | Orc:1    | Received a gift from Nemelex Xobeh
 35937 | Orc:2    | Found a roughly hewn altar of Beogh.
 36169 | Orc:2    | Found Qistrop Romea's General Store.
 36215 | Orc:2    | Received a gift from Nemelex Xobeh
 36228 | Orc:2    | Found Xoraare's Book Shoppe.
 36236 | Orc:2    | Found Agiotipe's Antique Armour Shoppe.
 36403 | Orc:2    | Found Juaxug's Antique Weapon Shoppe.
 36499 | Orc:2    | Found a staircase to the Elven Halls.
 36638 | Orc:2    | Bought the +7 captain's cutlass {speed, disarm} for 1566
                  | gold pieces
 36638 | Orc:2    | Found the +7 captain's cutlass {speed, disarm}
 36747 | D:15     | Noticed a fire giant
 36859 | D:15     | Found a staircase to the Depths.
 37660 | D:15     | Found a portal to a secret trove of treasure.
 37869 | D:15     | Killed Roxanne
 38068 | D:15     | Killed a fire giant
 38250 | Shoals:1 | Entered Level 1 of the Shoals
 38264 | Lair:4   | Learned a level 1 spell: Apportation
 38270 | Lair:4   | Learned a level 5 spell: Irradiate
 38277 | Lair:4   | Learned a level 6 spell: Statue Form
 38640 | Snake:1  | Entered Level 1 of the Snake Pit
 38640 | Snake:1  | Received a gift from Nemelex Xobeh
 38644 | Snake:1  | Reached skill level 18 in Stealth
 38763 | Snake:1  | Reached skill level 1 in Transmutations
 38940 | Snake:1  | Found Xerhin's Assorted Antiques.
 38977 | Snake:1  | Bought a scroll of teleportation for 66 gold pieces
 38977 | Snake:1  | Bought a scroll labeled VUN KYOWIACY for 22 gold pieces
 38977 | Snake:1  | Bought a scroll of identify for 44 gold pieces
 38979 | Snake:1  | Identified a scroll of acquirement
 38982 | Snake:1  | Got an ancient hat
 38990 | Snake:1  | Identified the -4 hat "Qegheore" {rPois rN+ Dex-5} (You
                  | acquired it on level 1 of the Snake Pit)
 39005 | Snake:1  | Reached skill level 1 in Spellcasting
 40349 | Snake:1  | Received a gift from Nemelex Xobeh
 40580 | Snake:1  | Reached XP level 16. HP: 78/81 MP: 29/29
 43197 | Snake:3  | Reached skill level 5 in Transmutations
 43225 | Snake:3  | Noticed Vashnia
 43253 | Snake:3  | Noticed Azrael
 43354 | Snake:3  | Noticed Azrael
 43354 | Snake:3  | Azrael changed into Azrael the hell hog
 43356 | Snake:3  | Killed Azrael the hell hog
 44354 | Snake:3  | Received a gift from Nemelex Xobeh
 44378 | Snake:3  | Learned a level 1 spell: Summon Butterflies
 44962 | Snake:3  | Noticed Vashnia
 44962 | Snake:3  | Vashnia changed into Vashnia the frost giant
 44965 | Snake:3  | Killed Vashnia the frost giant
 45885 | Shoals:1 | Found a runed gate.
 45885 | Shoals:1 | Found a runed gate.
 45885 | Shoals:1 | Found a runed gate.
 45893 | Shoals:1 | Noticed brandon's ghost (adept MiBe)
 45965 | Shoals:1 | Received a gift from Nemelex Xobeh
 46442 | Shoals:1 | Reached skill level 19 in Stealth
 46678 | Shoals:1 | Received a gift from Nemelex Xobeh
 47559 | Shoals:2 | Received a gift from Nemelex Xobeh
 47565 | Shoals:2 | Noticed Polyphemus
 47967 | Shoals:2 | Killed Polyphemus
 48916 | Shoals:2 | Noticed Nikola
 49480 | Shoals:2 | Killed Nikola
 49480 | Shoals:2 | Reached XP level 17. HP: 85/85 MP: 30/30
 50836 | Snake:4  | Entered Level 4 of the Snake Pit
 52289 | Snake:4  | Received a gift from Nemelex Xobeh
 53284 | Snake:4  | Reached skill level 5 in Spellcasting
 54271 | Snake:3  | Got an encrusted war axe
 56775 | Snake:4  | Reached skill level 15 in Short Blades
 56775 | Snake:4  | Reached skill level 20 in Stealth
 60258 | Snake:4  | Got a serpentine rune of Zot
 60507 | Shoals:2 | Reached XP level 18. HP: 48/91 MP: 17/31
 60742 | Elf:1    | Entered Level 1 of the Elven Halls
 60768 | Elf:1    | Received a gift from Nemelex Xobeh
 61797 | Elf:1    | Received a gift from Nemelex Xobeh
 62751 | Elf:2    | Noticed Agnes
 62756 | Elf:2    | Killed Agnes
 63417 | Elf:2    | Reached skill level 10 in Transmutations
 63848 | Elf:2    | Found a runed gate.
 63848 | Elf:2    | Found a runed gate.
 63848 | Elf:2    | Found a runed gate.
 65092 | Elf:2    | Received a gift from Nemelex Xobeh
 65811 | Elf:3    | Entered Level 3 of the Elven Halls
 65854 | Elf:3    | Found a magical portal.
 65864 | WizLab   | Entered The Hall of the Hellbinder
 66007 | WizLab   | Gained mutation: Your body sometimes deteriorates upon
                  | taking damage. [a cacodemon]
 66056 | WizLab   | Slain by a sixfirhy

Skill      XL: |  1  2  3  4  5  6  7  8  9 10 11 12 13 14 15 16 17 18 |
---------------+-------------------------------------------------------+-----
Stealth        | 2 3 4 5 7 8 10 11 13 14 15 17 18 19 20 | 20.9
Fighting       | 1 2 3 4 5 6 7 8 9 |  9.1
Short Blades   | 2 3 4 6 7 8 9 10 11 12 13 14 15 | 15.7
Dodging        | 4 5 6 8 9 10 12 13 14 16 17 18 19 | 19.7
Evocations     | 5 6 7 8 9 10 11 12 14 15 16 17 18 | 18.5
Invocations    | 3 5 6 8 9 10 11 12 13 | 13.7
Transmutations | 3 6 9 10 | 10.7
Spellcasting   | 1 4 5 6 |  6.9

Action                   |  1- 3 |  4- 6 |  7- 9 | 10-12 | 13-15 | 16-18 || total
-------------------------+-------+-------+-------+-------+-------+-------++-------
Melee: Short sword       |   181 |   140 |   286 |       |       |       ||   607
       Trident           |    23 |    21 |   190 |    27 |       |       ||   261
       Dagger            |       |    19 |    53 |  1395 |  2001 |    33 ||  3501
       Cutlass           |       |       |       |       |   344 |  2456 ||  2800
 Fire: Shortbow          |       |       |    97 |    15 |       |     6 ||   118
 Cast: Summon Butterflie |       |       |       |       |       |     2 ||     2
Evoke: Wand              |     4 |    20 |    28 |    18 |     8 |    38 ||   116
       Deck              |       |       |     5 |    26 |    85 |    85 ||   201
       Box of beasts     |       |       |       |       |       |     2 ||     2
  Use: Potion            |     1 |       |       |     1 |     5 |    15 ||    22
       Scroll            |       |       |       |    21 |     9 |    10 ||    40
 Stab: Sleeping          |     6 |     8 |    20 |    41 |    60 |    48 ||   183
       Distracted        |       |     1 |     1 |     9 |    19 |    22 ||    52
       Paralysed         |       |       |     1 |     4 |     1 |       ||     6
       Petrified         |       |       |       |       |     4 |     6 ||    10
       Betrayed ally     |       |       |       |       |     1 |       ||     1
       Petrifying        |       |       |       |       |       |     1 ||     1
  Eat: Ration            |       |     1 |     4 |     6 |    11 |    15 ||    37
Armor: Robe              |    17 |     8 |    39 |    64 |   100 |    56 ||   284
Dodge: Dodged            |   144 |   147 |   501 |   936 |  1713 |  1478 ||  4919
